AoeStats
← President of USA

Black Forest

510294138Analyzed
4v4 RM · 22h ago on Sep 30, 2026· 22m 46s· 8 players
Game mode
Random Map
Map size
Large (8 player)
Population
200
Speed
Normal
Resources
Standard
Victory
Conquest
Starting age
Dark Age
Ending age
Imperial Age
RankedLock teamsTeams togetherTeam positionsShared explorationLock speedFull tech treeHidden civsTurbo modeCheats
Victory
Defeat
🇳🇴 Danes · Norway
1134
+13
🇮🇳 Vikings · India
1118
+14
🇨🇳 Huns · China
1101
+14
🇦🇹 Poles · Austria
1051
+17
🇨🇳 Lithuanians · China
1076
-15
🇨🇳 Burgundians · China
1074
-15
🇨🇳 Bohemians · China
1074
-15
🇨🇳 Mongols · China
1035
-13
President of USA
2:21 Loom
2:57 Loom
13:18 Feudal Age
14:05 Double-Bit Axe
14:04 Horse Collar
17:08 Castle Age
18:33 Bow Saw
19:04 Heavy Plow
19:58 Wheelbarrow
Gilgamesh43499
2:08 Loom
11:24 Feudal Age
12:06 Man-at-Arms
12:56 Double-Bit Axe
22:04 Horse Collar
25:00 Castle Age
Mr.MoneyBoy
3:45 Loom
12:12 Feudal Age
13:40 Horse Collar
13:58 Double-Bit Axe
14:21 Stone Mining
17:28 Castle Age
18:13 Heavy Plow
22:55 Bow Saw
23:24 Stone Shaft Mining
WolfAtic
0:31 Loom
12:48 Feudal Age
13:20 Feudal Age
13:44 Horse Collar
13:52 Double-Bit Axe
20:58 Castle Age
20:08 Stone Mining
20:10 Gold Mining
怀草诗
5:49 Double-Bit Axe
8:15 Horse Collar
11:59 Feudal Age
15:42 Castle Age
14:25 Bow Saw
14:20 Heavy Plow
17:17 Wheelbarrow
我不是
10:22 Feudal Age
11:04 Double-Bit Axe
12:45 Horse Collar
15:47 Castle Age
16:44 Bow Saw
Elias
8:52 Loom
14:20 Feudal Age
19:12 Castle Age
18:02 Double-Bit Axe
18:01 Horse Collar
等等
11:09 Loom
16:29 Feudal Age
Connection lost

Rejoining the realm…

Still unreachable

The connection could not be restored.

Session expired

The server has moved on; the page needs a fresh start.